 Dungeon Crawl Stone Soup version 0.27-a0-1147-gb3d8e82157 (webtiles) character file.

Game seed: 13839048825908942669

27948 garrulousMonolith the Carver (level 13, 0/151 HPs)
             Began as a Demonspawn Fighter on May 12, 2021.
             Was an Elder of Yredelemnul.
             Slain by a red draconian
             ... wielding a +2 broad axe of flaming
              (2 damage)
             ... in a volcano.
             The game lasted 00:28:23 (19743 turns).

garrulousMonolith the Carver (Demonspawn Fighter)  Turns: 19743, Time: 00:28:24

Health: 0/151      AC: 17    Str: 20    XL:     13   Next: 7%
Magic:  13/19      EV: 11    Int: 10    God:    Yredelemnul [****..]
Gold:   847        SH: 12    Dex: 23    Spells: 11/12 levels left

rFire    + . .     SeeInvis .   C - +4 demon blade (vamp)
rCold    . . .     Faith    .   c - +0 kite shield
rNeg     . . .     Spirit   .   O - +0 chain mail {rF+}
rPois    +         Reflect  .   T - +2 helmet
rElec    .         Harm     .   (no cloak)
rCorr    +         Rampage  .   e - +0 pair of gloves
Will     +....                  U - +0 pair of boots of Keuroim {rPois rCorr Dex+5}
Stlth    ..........             h - amulet of the acrobat
HPRegen  0.35/turn              g - ring of poison resistance
MPRegen  0.16/turn              G - ring of willpower

@: berserking, very quick
A: talons 1, thin skeletal structure 2, foul stench 2, spiny 1
a: Renounce Religion, Recall Undead Slaves, Injury Mirror, Animate Dead, Drain
Life


You were in a volcano.
You worshipped Yredelemnul.
Yredelemnul was greatly pleased with you.
You visited 3 branches of the dungeon, and saw 17 of its levels.
You also visited: Volcano.

You collected 847 gold pieces.

Inventory:

Hand Weapons
 l - a +0 trident
 z - a +0 broad axe
 C - a +4 vampiric demon blade (weapon)
 K - a +1 rapier of venom
Missiles
 a - 44 poisoned darts (quivered)
 j - 2 throwing nets
 A - 33 boomerangs
 D - 8 curare-tipped darts
 J - 5 boomerangs of dispersal
Armour
 c - a +0 kite shield (worn)
 e - a +0 pair of gloves (worn)
 O - a +0 chain mail of fire resistance (worn)
 T - a +2 helmet (worn)
 U - the +0 pair of boots of Keuroim (worn) {rPois rCorr Dex+5}
   (You acquired it on level 4 of the Lair of Beasts)

   It affects your dexterity (+5).
   It protects you from poison.
   It protects you from acid and corrosion.
Jewellery
 g - a ring of poison resistance (left hand)
 h - an amulet of the acrobat (around neck)
 i - a ring of ice
 r - an amulet of faith
 t - an amulet of reflection
 v - a +6 ring of intelligence
 E - a ring of flight
 G - a ring of willpower (right hand)
 P - a ring of wizardry
 Q - a ring of protection from cold
Wands
 d - a wand of mindburst (15)
 f - a wand of acid (23)
 x - a wand of flame (20)
 M - a wand of iceblast (1)
Scrolls
 k - a scroll of vulnerability
 m - 4 scrolls of amnesia
 n - 3 scrolls of blinking
 o - 7 scrolls of enchant armour
 q - 2 scrolls of fear
 s - a scroll of brand weapon
 u - 7 scrolls of teleportation
 y - a scroll of fog
Potions
 b - a potion of magic
 p - 2 potions of heal wounds {unknown}
 B - 3 potions of haste
 I - a potion of invisibility
 L - 2 potions of brilliance
 R - 2 potions of berserk rage
 S - 2 potions of might


   Skills:
 + Level 9.3 Fighting
 * Level 11.3 Long Blades
 + Level 8.5 Armour
 + Level 8.0 Dodging
 + Level 8.5 Shields
 + Level 9.3 Invocations


You had 11 spell levels left.
You knew the following spells:

 Your Spells              Type           Power      Damage    Failure   Level
a - Sandblast             Erth           0%         2d4       100%        1

Your spell library contained the following spells:

 Spells                   Type           Power      Damage    Failure   Level
 Summon Small Mammal      Summ           0%         N/A       100%        1
 Call Imp                 Summ           0%         N/A       100%        2
 Passwall                 Tmut/Erth      0%         N/A       100%        2
 Poisonous Vapours        Pois/Air       0%         N/A       100%        2
 Call Canine Familiar     Summ           0%         N/A       100%        3
 Conjure Flame            Conj/Fire      0%         6-21      100%        3
 Mephitic Cloud           Conj/Pois/Air  0%         N/A       100%        3
 Stone Arrow              Conj/Erth      0%         3d7       100%        3
 Summon Guardian Golem    Hex/Summ       0%         N/A       100%        3
 Animate Armour           Summ/Erth      0%         N/A       100%        4
 Ice Form                 Ice/Tmut       0%         N/A       100%        4
 Leda's Liquefaction      Hex/Erth       0%         N/A       100%        4
 Petrify                  Tmut/Erth      0%         N/A       100%        4
 Summon Ice Beast         Ice/Summ       0%         N/A       100%        4
 Summon Lightning Spire   Summ/Air       0%         N/A       100%        4
 Bolt of Magma            Conj/Fire/Erth 0%         4d4       100%        5
 Lee's Rapid Deconstruct  Erth           0%         3d5*      100%        5
 Freezing Cloud           Conj/Ice/Air   0%         6-21      100%        6
 Iron Shot                Conj/Erth      0%         9d1       100%        6
 Simulacrum               Ice/Necr       0%         N/A       100%        6
 Statue Form              Tmut/Erth      0%         N/A       100%        6
 Ozocubu's Refrigeration  Ice            0%         4d5       100%        7
 Shatter                  Erth           0%         3d5*      100%        9


Dungeon Overview and Level Annotations

Branches:
Dungeon (11/15)            Temple (1/1) D:7            Lair (5/6) D:8
  Swamp (0/4) Lair:2       Spider (0/4) Lair:4          Orc (0/2) D:9
Volcano (1/1)
  Slime: Lair:5-6

Altars:
Ashenzari
Cheibriados
Dithmenos
Elyvilon
Fedhas
Hepliaklqana
Kikubaaqudgha
Makhleb
Nemelex Xobeh
Okawaru
Qazlal
Ru
Trog
Uskayaw
Vehumet
Wu Jian
Xom
Yredelemnul
Zin
The Shining One

Portals:
Abyss: Lair:3

Annotations:
D:3 2 runed translucent doors
Lair:3 2 transporters, exclusion: 2 oklob plants, HilariousDeathArtist's ghost, journeyman PaBr


Innate Abilities, Weirdness & Mutations

You have sharp toenails.
You have a moderately thin skeletal structure. (Dex +4, Stealth++)
You sometimes emit foul miasma when damaged in melee.
You are partially covered in sharp spines.


Message History

The red draconian is engulfed in dark miasma.
The red draconian looks even sicker.
The red draconian is struck by your spines.
The red draconian hits you with a +2 broad axe of flaming!
* * * LOW HITPOINT WARNING * * *
The red draconian burns you.
* * * LOW HITPOINT WARNING * * *
A yaktaur opens the door.
Your mummy barely misses the molten gargoyle.
The red draconian is engulfed in dark miasma.
The red draconian looks even sicker.
The red draconian barely misses you.
Found 24 gold pieces.
Things that are here:
a +1 rapier of flaming; a +2 shortbow of flaming; 8 arrows
Okay, then.
A red film seems to cover your vision as you go berserk!
You feel yourself moving faster!
You feel mighty!
The yaktaur shoots a bolt.
The bolt hits your mummy! The bolt burns your mummy!
Your mummy is destroyed!
The molten gargoyle blasts magma at you!
The bolt of magma hits you! You partially resist.
* * * LOW HITPOINT WARNING * * *
The red draconian is engulfed in dark miasma.
The red draconian looks as sick as possible!
The red draconian barely misses you.
You riposte.
You completely miss the red draconian.
The red draconian is lightly wounded.
You hit the red draconian.
The red draconian is lightly wounded.
You block the molten gargoyle's attack.
You hit the red draconian.
You feel better.
The red draconian is moderately wounded.
The red draconian is engulfed in dark miasma.
The red draconian looks as sick as possible!
The red draconian seems to slow down.
The red draconian hits you with a +2 broad axe of flaming!!
* * * LOW HITPOINT WARNING * * *
The red draconian burns you.
You die...
Your body rises from the dead as a mindless zombie.

#8.8##....
##.## ... #.#
.. #
##+########
.##...##....##
.c.∩.').....#
#...#.⌠..8.#
##c##......#
#.9@##....##
#.d.###8###
#._.#[.c#
$'...'$$!.
####.#######
###


You could see a red draconian (berserk, extremely poisoned, slow), 2 yaktaurs
and a molten gargoyle.

Vanquished Creatures
  4 hydras
  A centaur warrior (Volcano)
  A two-headed ogre (D:10)
  2 bog bodies (Lair:2)
  A deep elf pyromancer (D:6)
  A manticore (D:11)
  2 cyclopes (D:11)
  5 elephants (Lair:4)
  A black mamba (Lair:3)
  2 unseen horrors (D:11)
  2 rime drakes
  3 komodo dragons
  2 trolls
  2 polar bears
  A jumping spider (Lair:4)
  A hornet (D:9)
  4 dream sheep (Lair:5)
  A wyvern (Lair:4)
  6 fire bats (Volcano)
  Eustachio (D:4)
  23 yaks
  A basilisk (Lair:2)
  3 wargs (D:8)
  An acid dragon (D:10)
  Duvessa (D:4)
  5 water moccasins
  8 orc warriors
  2 sky beasts
  2 black bears
  An ice beast (D:7)
  An ogre (D:8)
  2 necrophages
  14 centaurs
  7 wolves
  A phantom (D:5)
  A gnoll sergeant (D:6)
  2 kobold brigands
  6 bullfrogs
  A wyvern zombie (D:7)
  4 scorpions
  Dowan (D:4)
  5 killer bees (D:7)
  6 howler monkeys
  An electric eel (D:10)
  5 lava snakes (Volcano)
  2 jellies
  A hound (D:4)
  7 centaur zombies
  7 orc priests
  A bullfrog skeleton (D:7)
  3 centaur skeletons
  5 hell rats (Lair:4)
  3 iguanas
  9 orc wizards
  A howler monkey zombie (D:6)
  5 adders
  8 gnolls
  A shadow imp (D:5)
  4 white imps
  2 worms (D:2)
  A dart slug (D:3)
  41 orcs
  5 ball pythons
  2 bats
  2 endoplasms (D:3)
  A giant cockroach (D:4)
  4 goblins
  8 hobgoblins
  2 jackals (D:1)
  4 quokkas
  3 frilled lizards
  9 kobolds
  4 rats
292 creatures vanquished.

Vanquished Creatures (collateral kills)
  A two-headed ogre (D:8)
  An elephant (Lair:4)
  A cane toad (Lair:2)
  2 rime drakes (Lair:4)
  A komodo dragon (Lair:3)
  2 dream sheep (Lair:5)
  A basilisk (Lair:3)
  2 wyverns
  14 yaks
  3 water moccasins
  2 orc warriors (D:11)
  A black bear (Lair:3)
  2 wolves (Lair:3)
  2 centaurs (D:11)
  A kobold brigand (D:9)
  3 bullfrogs (Lair:2)
  A scorpion (Lair:4)
  A wight (D:10)
  A howler monkey (D:9)
  A centaur zombie (D:8)
  An orc priest (D:11)
  2 hell rats (Lair:4)
  5 orcs
  A bush (Lair:3)
52 creatures vanquished.

Vanquished Creatures (others)
  3 flying skulls
  A hydra zombie (Lair:4)
  A black mamba zombie (Lair:3)
  A jumping spider zombie (Lair:4)
  2 mummies
  2 elephant zombies (Lair:4)
  2 bullfrog zombies
  3 water moccasin zombies
  8 yak zombies
  An acid dragon zombie (D:10)
  A troll zombie (D:10)
  4 centaur zombies
  2 howler monkey zombies (D:10)
  6 orc zombies
  7 wolf zombies
  40 fungi
  31 plants
115 creatures vanquished.

Grand Total: 459 creatures vanquished

Notes
Turn   | Place    | Note
-------+----------+-------------------------------------------
     0 | D:1      | garrulousMonolith the Demonspawn Fighter began the quest
                  | for the Orb.
     0 | D:1      | Reached XP level 1. HP: 18/18 MP: 1/1
   379 | D:1      | Reached skill level 2 in Long Blades
   407 | D:1      | Gained mutation: You have a somewhat thin skeletal
                  | structure. (Dex +2, Stealth+) [demonic ancestry]
   407 | D:1      | Reached XP level 2. HP: 23/24 MP: 2/2
   617 | D:1      | Found a faded altar of an unknown god.
  1040 | D:2      | HP: 1/24 [worm (9)]
  1238 | D:2      | Reached XP level 3. HP: 15/29 MP: 3/3
  1855 | D:2      | Reached skill level 1 in Dodging
  2371 | D:3      | Found a large runed translucent door.
  2371 | D:3      | Found a large runed translucent door.
  2575 | D:3      | Gained mutation: You have a moderately thin skeletal
                  | structure. (Dex +4, Stealth++) [demonic ancestry]
  2575 | D:3      | Reached XP level 4. HP: 35/35 MP: 4/4
  3266 | D:4      | Noticed a scorpion
  3271 | D:4      | Killed a scorpion
  3272 | D:4      | Reached skill level 3 in Long Blades
  3272 | D:4      | Reached XP level 5. HP: 38/41 MP: 5/5
  3480 | D:4      | Gained mutation: You have sharp toenails. [demonic
                  | ancestry]
  3480 | D:4      | Reached XP level 6. HP: 48/48 MP: 6/6
  3696 | D:4      | Noticed Eustachio
  3731 | D:4      | Killed Eustachio
  3732 | D:4      | Reached skill level 4 in Long Blades
  3972 | D:4      | Learned a level 1 spell: Sandblast
  4232 | D:4      | Noticed Duvessa
  4235 | D:4      | Noticed Dowan
  4289 | D:4      | Reached XP level 7. HP: 45/54 MP: 7/7
  4299 | D:4      | Killed Duvessa
  4316 | D:4      | Killed Dowan
  4501 | D:5      | Entered Level 5 of the Dungeon
  4845 | D:5      | Reached skill level 5 in Long Blades
  5212 | D:5      | Gained mutation: You are partially covered in sharp spines.
                  | [demonic ancestry]
  5212 | D:5      | Reached XP level 8. HP: 61/61 MP: 8/8
  5961 | D:6      | Reached skill level 5 in Fighting
  6419 | D:6      | Reached skill level 6 in Long Blades
  6605 | D:6      | Noticed a deep elf pyromancer
  6615 | D:6      | Killed a deep elf pyromancer
  6616 | D:6      | Reached skill level 5 in Armour
  6616 | D:6      | Reached skill level 5 in Shields
  6616 | D:6      | Gained mutation: You may rarely emit foul miasma when
                  | damaged in melee. [demonic ancestry]
  6616 | D:6      | Reached XP level 9. HP: 48/68 MP: 9/9
  7155 | D:7      | Found a staircase to the Ecumenical Temple.
  7185 | D:7      | Found an ornate altar of the Wu Jian Council.
  7210 | Temple   | Entered the Ecumenical Temple
  7529 | Temple   | Became a worshipper of Yredelemnul the Dark
  7633 | D:7      | Reached skill level 7 in Long Blades
  7633 | D:7      | Reached skill level 1 in Invocations
  7681 | D:7      | Found a shadowy altar of Dithmenos.
  7823 | D:7      | Found a bloodstained altar of Trog.
  8713 | D:8      | Reached * piety under Yredelemnul
  8717 | D:8      | Reached skill level 5 in Dodging
  9056 | D:8      | Found a staircase to the Lair.
  9136 | D:8      | Reached XP level 10. HP: 59/77 MP: 12/12
  9210 | D:8      | Reached ** piety under Yredelemnul
  9641 | D:8      | Found a shimmering altar of Xom.
  9784 | D:8      | Reached skill level 8 in Long Blades
 10026 | D:9      | Noticed a two-headed ogre
 10047 | D:8      | Killed a two-headed ogre
 10216 | D:9      | Found a staircase to the Orcish Mines.
 10720 | D:10     | Entered Level 10 of the Dungeon
 10738 | D:10     | Found a broken altar of Ashenzari.
 10870 | D:10     | Noticed a two-headed ogre
 10878 | D:10     | Killed a two-headed ogre
 10913 | D:10     | Reached skill level 5 in Invocations
 11450 | D:10     | Reached skill level 9 in Long Blades
 11454 | D:10     | Reached XP level 11. HP: 31/84 MP: 15/15
 11788 | D:10     | Reached *** piety under Yredelemnul
 12038 | D:10     | Received a gift from Yredelemnul (3 flying skulls)
 13084 | D:11     | Noticed an eight-headed hydra
 13090 | D:11     | Killed an eight-headed hydra
 13873 | Lair:1   | Entered Level 1 of the Lair of Beasts
 14694 | Lair:2   | Noticed a five-headed hydra
 14700 | Lair:2   | Killed a six-headed hydra
 14891 | Lair:2   | Reached skill level 10 in Long Blades
 14945 | Lair:2   | Found a staircase to the Swamp.
 14947 | Lair:2   | Noticed a bog body
 14948 | Lair:2   | Noticed a bog body
 14955 | Lair:2   | Killed a bog body
 14955 | Lair:2   | Killed a bog body
 15582 | Lair:2   | Gained mutation: You sometimes emit foul miasma when
                  | damaged in melee. [demonic ancestry]
 15582 | Lair:2   | Reached XP level 12. HP: 79/93 MP: 17/17
 16340 | Lair:3   | Noticed HilariousDeathArtist's ghost (journeyman PaBr)
 16346 | Lair:3   | Noticed a rakshasa
 16365 | Lair:3   | Found a transporter.
 16372 | Lair:3   | Noticed a rakshasa
 16468 | Lair:3   | Noticed a brown very ugly thing
 16478 | Lair:3   | Found a transporter.
 16479 | Lair:3   | Found a one-way gate to the infinite horrors of the Abyss.
 17006 | Lair:3   | Noticed a six-headed hydra
 17025 | Lair:3   | Killed a six-headed hydra
 17026 | Lair:3   | HP: 3/94 [basilisk (9)]
 17526 | Lair:4   | Found a hole to the Spider Nest.
 17633 | Lair:4   | Received a gift from Yredelemnul (a mummy)
 17977 | Lair:4   | Noticed a five-headed hydra
 17989 | Lair:4   | Killed a five-headed hydra
 18272 | Lair:4   | Reached skill level 11 in Long Blades
 18526 | Lair:4   | Reached **** piety under Yredelemnul
 19293 | Lair:4   | Identified 2 scrolls of acquirement
 19293 | Lair:4   | Acquired the +0 pair of boots of Keuroim {rPois rCorr
                  | Dex+5}
 19306 | Lair:4   | Acquired a +1 vampiric demon blade
 19539 | Lair:5   | Found a dark tunnel.
 19547 | Volcano  | Entered a volcano
 19652 | Volcano  | Reached XP level 13. HP: 99/101 MP: 19/19
 19681 | Volcano  | Received a gift from Yredelemnul (a mummy)
 19727 | Volcano  | Found a bloodstained altar of Trog.
 19733 | Volcano  | Noticed a red draconian
 19743 | Volcano  | HP: 2/151 [red draconian/+2 broad axe of flaming (20)]
 19743 | Volcano  | Slain by a red draconian

Illustrated notes

Levels and vault maps discovered:
D:1:      onia_arrival_mini_spirals, layout_basic,
          shapermc_ecumenical_altar_mp_ritualfount
D:2:      layout_basic
D:3:      layout_loops_ring, jmf_multi_god_temple2
D:4:      layout_loops_ring, uniq_eustachio, uniq_duvessa
D:5:      layout_cave_pods, st_stairs_14
D:6:      layout_cave_pods, guppyfry_early_elven_hall
D:7:      layout_cave_pools, general_overflow_altar, grunt_temple_overflow_open,
          minmay_temple_entry_hall
D:8:      layout_basic, kennysheep_little_box, elyvilon_altar_3,
          erik_lair_orcish_takeover, special_room [special_room_orc]
D:9:      wad_cavern_with_rooms, layout_rooms
D:10:     layout_basic, ashenzari_conservatory_becter, nicolae_water_bricks,
          hangedman_decor_opposing, minmay_increasing_density
D:11:     layout_loops_ring
Temple:   eino_narrow_crystal_temple
Lair:1:   layout_small_grid
Lair:2:   layout_long_grid, skrybe_swamp_entry_bodies
Lair:3:   layout_chaotic_city, gammafunk_ghost_abyssal_escape,
          chequers_serial_rivers_room_a, minmay_lair_oklob_chamber
Lair:4:   layout_cave_pods, spider_nest_entry_rubble, gauntlet_entry_generic
Lair:5:   layout_gridlike, portal_ice_cave_rime, enter_volcano_1,
          serial_bayou_shore_b, infiniplex_staircase_pool
Volcano:  volcano_grotto [vgs_many_chambers]

Skill      XL: |  1  2  3  4  5  6  7  8  9 10 11 12 |
---------------+-------------------------------------+-----
Long Blades    | 2 3 4 5 6 7 9 10 11 | 11.3
Armour         | 3 4 5 6 7 8 |  8.5
Dodging        | 1 2 3 4 5 6 7 8 |  8.0
Shields        | 3 4 5 6 7 8 |  8.5
Fighting       | 4 5 6 7 8 9 |  9.3
Invocations    | 3 5 7 9 |  9.3

Action                   |  1- 3 |  4- 6 |  7- 9 | 10-12 | 13-15 || total
-------------------------+-------+-------+-------+-------+-------++-------
Melee: Long sword        |    91 |    83 |   147 |   441 |       ||   762
       Short sword       |     8 |       |       |       |       ||     8
       Kick              |       |    14 |   105 |   106 |       ||   225
       Falchion          |       |    10 |   115 |       |       ||   125
       Rapier            |       |       |       |   119 |       ||   119
       Demon blade       |       |       |       |    46 |    25 ||    71
       Trident           |       |       |       |     7 |       ||     7
Throw: Dart              |       |       |     2 |    10 |       ||    12
Invok: Animate Remains   |       |       |     1 |    31 |       ||    32
       Animate Dead      |       |       |       |    36 |     1 ||    37
       Injury Mirror     |       |       |       |     3 |       ||     3
       Recall Undead Sla |       |       |       |     1 |       ||     1
       Drain Life        |       |       |       |     1 |     1 ||     2
Evoke: Wand              |       |     1 |     7 |     7 |     3 ||    18
  Use: Potion            |       |     2 |     2 |     1 |     1 ||     6
       Scroll            |       |     1 |     8 |    16 |       ||    25
 Stab: Sleeping          |       |     1 |       |       |       ||     1
       Distracted        |       |       |       |     5 |       ||     5
Armor: Scale mail        |    34 |    14 |       |       |       ||    48
       Plate armour      |       |    44 |    11 |       |       ||    55
       Chain mail        |       |       |   125 |   270 |    12 ||   407
Dodge: Dodged            |    33 |    36 |    93 |   289 |    21 ||   472
Block: Kite shield       |    45 |    55 |   140 |   415 |    34 ||   689
       Buckler           |     3 |       |       |       |       ||     3
       Rpst.: Long sword |    11 |    10 |    15 |    44 |       ||    80
       Falchion          |       |       |     7 |       |       ||     7
       Demon blade       |       |       |       |    10 |     5 ||    15

Table legend: (Time is in decaauts)
 A = Elapsed time spent in this place.
 B = Non-inter-level travel time spent in this place.
 C = Inter-level travel time spent in this place.
 D = Time resting spent in this place.
 E = Time spent auto-exploring this place.
 F = Levels seen in this place.
 G = Mean time per level.
                   A        B        C        D        E       F      G
               +--------+--------+--------+--------+--------+-----+--------+
         Total |  21129 |  20588 |    541 |   3755 |  13644 |  18 | 1173.8 |
       Dungeon |  14293 |  13916 |    377 |   2533 |   9200 |  11 | 1299.4 |
        Temple |    334 |    319 |     15 |      0 |    195 |   1 |  334.0 |
          Lair |   6311 |   6164 |    147 |   1222 |   4170 |   5 | 1262.2 |
       Volcano |    190 |    190 |      0 |      0 |     79 |   1 |  190.0 |
               +--------+--------+--------+--------+--------+-----+--------+

Top non-repeatable levels by time:
  Lair:4: 2243 daAuts
    D:10: 2020 daAuts
  Lair:3: 1933 daAuts
     D:8: 1684 daAuts
    D:11: 1464 daAuts
     D:5: 1426 daAuts
     D:2: 1382 daAuts
     D:4: 1306 daAuts
  Lair:2: 1259 daAuts
     D:6: 1154 daAuts
     D:7: 1122 daAuts
     D:3: 1046 daAuts
     D:1: 895 daAuts
     D:9: 790 daAuts
  Lair:1: 772 daAuts
